 Dungeon Crawl Stone Soup version 0.32-a0-132-g2d33c3cfaf (webtiles) character file.

Game seed: 12037428657614746465

56 Newt the Cudgeller (level 3, -2/24 HPs)
             Began as a Gargoyle Monk on Feb 9, 2024.
             Killed by divine providence
             ... invoked by an orc priest
              (12 damage)
             ... on level 3 of the Dungeon.
             The game lasted 00:01:27 (1634 turns).

Newt the Cudgeller (Gargoyle Monk)                  Turns: 1634, Time: 00:01:27

Health: -2/24      AC: 13    Str: 16    XL:     3   Next: 95%
Magic:  3/3        EV: 12    Int: 10    God:
Gold:   73         SH:  0    Dex: 12    Spells: 2/2 levels left

rFire   . . .        a - +0 mace
rCold   . . .        d - orb {light}
rNeg    + . .        b - +0 robe
rPois   ∞            k - +1 helmet
rElec   +            h - +0 cloak
rCorr   .            s - +0 pair of gloves
SInv    .            (no boots)
Will    +....        (no amulet)
Stlth   +            q - +4 ring of protection
HPRegen 0.24/turn    t - ring of willpower
MPRegen 0.08/turn

%: no passive effects
@: glowing
A: sickness immunity, AC +3, negative energy resistance 1, electricity
resistance, torment resistance 1, petrification resistance
a: no special abilities


You were on level 3 of the Dungeon.
You visited 1 branch of the dungeon, and saw 3 of its levels.

You collected 73 gold pieces.

Inventory:

Hand Weapons
 a - a +0 mace (weapon)
Missiles
 r - 2 boomerangs (quivered)
Armour
 b - a +0 robe (worn)
 d - an orb of light (worn)
 h - a +0 cloak (worn)
 k - a +1 helmet (worn)
 s - a +0 pair of gloves (worn)
Jewellery
 q - a +4 ring of protection (left hand)
 t - a ring of willpower (right hand)
Talismans
 n - a beast talisman
Scrolls
 f - 2 scrolls of teleportation
 g - a scroll of noise {unknown}
 m - a scroll of enchant armour
 p - a scroll of identify {unknown}
Potions
 c - a potion of ambrosia
 e - 2 potions of brilliance {unknown}
 i - a potion of mutation {unknown}
 j - a potion of heal wounds {unknown}
 l - 2 potions of curing {unknown}
 o - a potion of degeneration {unknown}


   Skills:
 + Level 4.0 Fighting
 * Level 4.2 Maces & Flails
 - Level 2.4 Dodging


You had 2 spell levels left.
You didn't know any spells.
Your spell library contained the following spells:

 Spells                   Type           Power      Damage    Failure   Level
 Magic Dart               Conj           0%         1d3       36%         1
 Blink                    Tloc           0%         N/A       50%         2
 Call Imp                 Summ           0%         N/A       50%         2


Dungeon Overview and Level Annotations

Branches:
Dungeon (3/15)

Altars:


Innate Abilities, Weirdness & Mutations

You are immune to sickness and miasma.
Your stone body is resilient. (AC +3)
You are immune to poison.
You resist negative energy. (rN+)
You are resistant to electric shocks. (rElec)
You are resistant to unholy torment.
You are immune to petrification.


Message History

Unknown command.
You hit the orc.
The orc is lightly wounded.
The orc misses you.
Unknown command.
You hit the orc but do no damage.
The orc is lightly wounded.
The orc barely misses you.
Unknown command.
You hit the orc.
The orc is heavily wounded.
The orc hits you but does no damage.
Unknown command.
You sock the orc!
You kill the orc!
The orc priest hits you but does no damage.
Unknown command.
Unknown command.
You barely miss the orc priest. The orc priest misses you.
Unknown command.
Unknown command.
You hit the orc priest but do no damage.
The orc priest closely misses you.
Unknown command.
Unknown command.
You hit the orc priest but do no damage.
The orc priest closely misses you.
Unknown command.
You hit the orc priest but do no damage.
The orc priest closely misses you.
Unknown command.
You hit the orc priest but do no damage.
The orc priest misses you.
The orc priest hits you with a +0 short sword.
Unknown command.
You hit the orc priest but do no damage.
The orc priest invokes the aid of Beogh against you.
Beogh smites you!
Ouch! That really hurt!
You die...

##.......##
#.........#
+.....?...+
#.........#
#.......# #.....#
#)..# #######'#
#...)@oo#
###.#.#####.#
..........#.##
#<.....##
#.#.....# #
#.#....###
###.#.#.#.#.......
............######
###.#####<###


You could see an orc priest and an orc.

Vanquished Creatures
  An adder (D:2)
  2 dart slugs
  2 orcs (D:3)
  7 bats
  An endoplasm (D:1)
  5 goblins
  7 hobgoblins
  2 quokkas
  2 ball pythons
  6 kobolds
  4 rats
39 creatures vanquished.

Notes
Turn   | Place    | Note
-------+----------+-------------------------------------------
     0 | D:1      | Newt the Gargoyle Monk began the quest for the Orb.
     0 | D:1      | Reached XP level 1. HP: 14/14 MP: 1/1
   112 | D:1      | Reached XP level 2. HP: 17/19 MP: 2/2
   765 | D:2      | Reached XP level 3. HP: 21/24 MP: 3/3
  1352 | D:2      | Found a faded altar of an unknown god.
  1634 | D:3      | Killed from afar by an orc priest

Illustrated notes

Levels and vault maps discovered:
D:1:      tarquinn_simple_flora_water_e, layout_loops_cross
D:2:      layout_loops_corners, shapermc_ecumenical_altar_venn, nrook_campfire,
          minmay_3d_cube
D:3:      layout_loops_corners, overflow_temple_1_default, slow_altar_2

Skill      XL: |  1  2  3 |
---------------+----------+-----
Maces & Flails | 4 |  4.2
Fighting       | 4 |  4.0
Dodging        | |  2.4

Action                     || total
---------------------------++-------
  Melee: Mace              ||   103
    Use: Scroll            ||     3
 Armour: Robe              ||    54
  Dodge: Dodged            ||    78

Table legend: (Time is in decaauts)
 A = Elapsed time spent in this place.
 B = Non-inter-level travel time spent in this place.
 C = Inter-level travel time spent in this place.
 D = Time resting spent in this place.
 E = Time spent auto-exploring this place.
 F = Levels seen in this place.
 G = Mean time per level.
                   A        B        C        D        E       F      G
               +--------+--------+--------+--------+--------+-----+--------+
         Total |   1654 |   1582 |     72 |      0 |   1290 |   3 |  551.3 |
       Dungeon |   1654 |   1582 |     72 |      0 |   1290 |   3 |  551.3 |
               +--------+--------+--------+--------+--------+-----+--------+

Top non-repeatable levels by time:
     D:2: 930 daAuts
     D:1: 685 daAuts
     D:3: 37 daAuts
